 Dungeon Crawl Stone Soup version 0.26.1-2-gb8aa6d0cf2 (webtiles) character file.

Game seed: 8509998810179399013

73 Groucho the Insei (level 4, -1/28 HPs)
             Began as an Octopode Transmuter on Feb 14, 2021.
             Slain by an orc
             ... wielding a +0 whip
              (5 damage)
             ... on level 2 of the Dungeon.
             The game lasted 00:04:15 (2458 turns).

Groucho the Insei (Octopode Transmuter)             Turns: 2458, Time: 00:04:16

Health: -1/28      AC:  1    Str:  9    XL:     4   Next: 27%
Magic:  7/8        EV: 13    Int: 15    God:
Gold:   129        SH:  0    Dex: 13    Spells: 7/8 levels left

rFire    . . .     SeeInvis .     - Unarmed
rCold    . . .     Faith    .   (no shield)
rNeg     . . .     Spirit   .   (helmet currently unavailable)
rPois    .         Reflect  .   (no amulet)
rElec    .         Harm     .   (no ring)
rCorr    .         Rampage  .   (no ring)
Will     .....                  (no ring)
Stlth    +++.......             (no ring)
HPRegen  0.09/turn              (no ring)
MPRegen  0.11/turn              (no ring)
                                (no ring)
                                (no ring)

@: appendages
A: almost no armour, stealthy swim, amphibious, 8 rings, constrict 8, tentacle
spike 3, camouflage 1, gelatinous body 1
a: End Transformation


You were on level 2 of the Dungeon.
One of your tentacles had a temporary spike.
You visited 1 branch of the dungeon, and saw 3 of its levels.

You collected 129 gold pieces.

Inventory:

Missiles
 d - 39 stones
Jewellery
 c - a +6 ring of intelligence {unknown}
Scrolls
 a - 2 scrolls of remove curse {unknown}
 e - a scroll of identify {unknown}
 g - a scroll of fear {unknown}
Potions
 b - a potion of heal wounds {unknown}
 f - a potion of attraction {unknown}
 h - a potion of mutation {unknown}


   Skills:
 - Level 1.0 Fighting
 - Level 2.0 Dodging
 + Level 2.5 Stealth
 + Level 3.5 Unarmed Combat
 + Level 2.7 Spellcasting
 + Level 2.7 Transmutations


You had 7 spell levels left.
You knew the following spells:

 Your Spells              Type           Power        Failure   Level
a - Beastly Appendage     Tmut           20%          7%          1

Your spell library contained the following spells:

 Spells                   Type           Power        Failure   Level
 Wereblood                Tmut           10%          11%         2
 Spider Form              Tmut/Pois      3%           34%         3
 Ice Form                 Ice/Tmut       6%           75%         4
 Blade Hands              Tmut           5%           88%         5


Dungeon Overview and Level Annotations

Branches:
Dungeon (3/15)

Altars:
Dithmenos
Makhleb


Innate Abilities, Weirdness & Mutations

You cannot wear most types of armour.
You are very stealthy in the water. (Stealth+)
You are amphibious.
You can wear up to eight rings at the same time.
You can use your tentacles to constrict eight enemies at once.
Your skin changes colour to match your surroundings (Stealth+).
Your rubbery body absorbs attacks. (AC +1, EV +1)
One of your tentacles bears a large vicious spike.


Message History

You grab the orc.
You pierce the orc.
The orc is lightly wounded.
You constrict the orc, but do no damage.
The goblin barely misses you. The goblin hits you.
The orc hits you with a +0 whip.
You are too injured to fight recklessly!
You are too injured to fight recklessly!
You are too injured to fight recklessly!
You are too injured to fight recklessly!
Unknown command.
You tentacle-slap the orc but do no damage.
You pierce the orc, but do no damage.
The orc is lightly wounded.
You constrict the orc, but do no damage.
The hobgoblin hits you with a +0 club.
* * * LOW HITPOINT WARNING * * *
The goblin hits you with a +0 club.
* * * LOW HITPOINT WARNING * * *
The goblin closely misses you. The orc hits you with a +0 whip.
You die...

####### ##.....## ##.......##
#.........# #2# #.....g...# ###
#....@g.>†# #_# ##### #....go...#
#.# #...# #..)......# #####.##
### #...###........######..##.#.
[.## #...............##........##
...# #....##.........#..#..###...
...# #.....................#...##
.#.# #.....#.........###..#..####
.#.###.....#.........###.........


You could see an orc, a hobgoblin and 2 goblins.

Vanquished Creatures
  An adder (D:2)
  An ooze (D:1)
  A worm (D:2)
  3 leopard geckos
  An orc (D:2)
  8 bats
  2 giant cockroaches
  6 hobgoblins
  4 jackals (D:1)
  3 quokkas (D:2)
  6 frilled lizards
  2 goblins (D:1)
  4 kobolds (D:1)
  11 rats
53 creatures vanquished.

Notes
Turn   | Place    | Note
-------+----------+-------------------------------------------
     0 | D:1      | Groucho the Octopode Transmuter began the quest for the
                  | Orb.
     0 | D:1      | Reached XP level 1. HP: 13/13 MP: 3/3
   128 | D:1      | Reached skill level 1 in Stealth
   128 | D:1      | Reached XP level 2. HP: 12/18 MP: 3/5
   883 | D:1      | Reached XP level 3. HP: 16/23 MP: 4/6
  1991 | D:2      | Reached XP level 4. HP: 28/28 MP: 7/7
  2277 | D:2      | Found a shadowy altar of Dithmenos.
  2369 | D:2      | Found a burning altar of Makhleb.
  2371 | D:2      | Noticed a cacodemon
  2458 | D:2      | Slain by an orc

Illustrated notes

Levels and vault maps discovered:
D:1:      mainiacjoe_arrival_reflecting_pool, layout_loops_cross,
          serial_bayou_ford_a
D:2:      layout_rooms, lemuel_doored_altar, makhleb_altar_promises_db
D:3:      layout_rooms, kennysheep_vampire_church,
          hellmonk_ghost_happy_afterlife, uniq_crazy_yiuf_cottage, uniq_robin

Skill      XL: |  1  2  3 |
---------------+----------+-----
Stealth        | 1 2 |  2.5
Fighting       | |  1.0
Dodging        | |  2.0
Unarmed Combat | |  3.5
Spellcasting   | |  2.7
Transmutations | |  2.7

Action                   |  1- 3 |  4- 6 || total
-------------------------+-------+-------++-------
Melee: Unarmed           |    75 |    24 ||    99
       Kick              |    15 |     4 ||    19
       Tentacles         |    10 |     3 ||    13
       Constrict         |    21 |     7 ||    28
       Punch             |     2 |       ||     2
 Cast: Beastly Appendage |    19 |     4 ||    23
 Stab: Sleeping          |     8 |     4 ||    12
Armor: Skin              |     9 |     4 ||    13
Dodge: Dodged            |    49 |    34 ||    83
